 Dungeon Crawl Stone Soup version 0.25.1-8-g42b30a86e7 (webtiles) character file.

Game seed: 20120386340999886

727 Ryumin the Chopper (level 7, -4/62 HPs)
             Began as a Minotaur Berserker on Dec 14, 2020.
             Was an Elder of Trog.
             Slain by a sky beast (6 damage)
             ... on level 5 of the Dungeon on Dec 15, 2020.
             The game lasted 00:25:13 (3233 turns).

Ryumin the Chopper (Minotaur Berserker)             Turns: 3233, Time: 00:25:14

Health: -4/62      AC:  3    Str: 21      XL:     7   Next: 44%
Magic:  6/6        EV: 13    Int:  5      God:    Trog [****..]
Gold:   300        SH:  0    Dex:  8 (11) Spells: 6/6 levels left

rFire    . . .     SeeInvis .   a - +1 hand axe
rCold    . . .     Gourm    .   (no shield)
rNeg     . . .     Faith    .   k - +0 leather armour
rPois    .         Spirit   .   (helmet restricted)
rElec    .         Reflect  .   (no cloak)
rCorr    .         Harm     .   (no gloves)
MR       .....                  (no boots)
Stlth    ++........             (no amulet)
HPRegen  0.20/turn              h - ring of stealth
MPRegen  0.10/turn              (no ring)

@: berserk cooldown, very slightly contaminated, slowed, very slow
A: retaliatory headbutt, horns 2
a: Berserk, Trog's Hand, Brothers in Arms, Renounce Religion


You were on level 5 of the Dungeon.
You worshipped Trog.
Trog was greatly pleased with you.
You were not hungry.

You visited 1 branch of the dungeon, and saw 5 of its levels.

You collected 300 gold pieces.

Inventory:

Hand Weapons
 a - a +1 hand axe (weapon)
 f - a +1 vampiric trident
Armour
 k - a +0 leather armour (worn)
Jewellery
 h - a ring of stealth (left hand)
Wands
 i - a wand of acid (9)
Scrolls
 b - a scroll of fear
 d - 2 scrolls of blinking
 e - 2 scrolls of identify
 g - 2 scrolls of amnesia
 l - 3 scrolls of remove curse
 m - 2 scrolls of teleportation
Potions
 n - a potion of brilliance
Comestibles
 c - 5 rations


   Skills:
 + Level 5.9 Fighting
 + Level 7.9 Axes
 + Level 3.0 Armour
 + Level 4.4 Dodging
 + Level 1.1 Stealth


You had 6 spell levels left.
You didn't know any spells.
Your spell library was empty.

Dungeon Overview and Level Annotations

Branches:
Dungeon (5/15)             Temple (0/1) D:4

Altars:
Ashenzari
Elyvilon
Gozag
Zin


Innate Abilities, Weirdness & Mutations

You reflexively headbutt those who attack you in melee.
You have a pair of horns on your head.


Message History

Trog accepts your kill.
The jackal barks!
You eat one of the 6 rations.
That ration really hit the spot!
You feel a strong urge to attack something.
Something hits you.
* * * LOW HITPOINT WARNING * * *
Something shocks you.
* * * LOW HITPOINT WARNING * * *
You slash the jackal!
You kill the jackal!
Trog accepts your kill.
You miss something.
You are no longer berserk.
Trog's vigour flows through your veins.
You are exhausted.
You feel yourself slow down.
You hit something. Something hits you but does no damage. Something hits you.
* * * LOW HITPOINT WARNING * * *
Something shocks you.
You die...

..#. ...... ###......
........ #.....# # .##
#.#...#. ..#
####.#...#.#####.#
#..........#.....####
#†##@##..#.#........#
#..{h.#..###..##.##.#
####..#h...#..#...#.#
####..#..#......_....
#........####.#...#..
####..##+####.##.##.. ..$
#.#........##......(.
......#.#........#####.....
......#..[.......#####.####


You could see a jackal.

Vanquished Creatures
  Eustachio (D:4)
  A centaur (D:5)
  Blork the orc (D:5)
  A centaur zombie (D:5)
  A crimson imp (D:5)
  2 orc wizards (D:3)
  An iguana (D:4)
  Terence (D:2)
  A worker ant (D:5)
  3 gnolls (D:4)
  5 adders
  An ooze (D:1)
  An adder skeleton (D:5)
  3 worms
  5 dart slugs
  4 leopard geckos
  19 orcs
  8 bats
  5 giant cockroaches
  8 goblins
  11 hobgoblins
  19 jackals
  A quokka (D:4)
  A ball python skeleton (D:4)
  2 frilled lizards
  3 kobolds
  12 rats
121 creatures vanquished.

Notes
Turn   | Place    | Note
-------+----------+-------------------------------------------
     0 | D:1      | Ryumin the Minotaur Berserker began the quest for the Orb.
     0 | D:1      | Reached XP level 1. HP: 19/19 MP: 0/0
    70 | D:1      | Reached skill level 4 in Axes
    70 | D:1      | Reached XP level 2. HP: 20/27 MP: 1/1
   397 | D:1      | Reached XP level 3. HP: 22/33 MP: 2/2
   401 | D:1      | Reached ** piety under Trog
   697 | D:2      | Noticed Terence
   722 | D:2      | Killed Terence
   722 | D:2      | Reached XP level 4. HP: 8/41 MP: 3/3
   726 | D:2      | Reached skill level 5 in Axes
  1323 | D:3      | Reached *** piety under Trog
  1334 | D:3      | Found a faded altar of an unknown god.
  1464 | D:3      | Reached XP level 5. HP: 47/47 MP: 4/4
  1570 | D:3      | Reached skill level 5 in Fighting
  1570 | D:3      | Reached skill level 6 in Axes
  1642 | D:3      | Found a shattered altar of Ashenzari.
  1646 | D:3      | Saw a vision of the Swamp and the Snake Pit.
  1646 | D:3      | Noticed a naga
  1646 | D:3      | Noticed a naga warrior
  1646 | D:3      | Noticed a black mamba
  1646 | D:3      | Noticed a shock serpent
  1646 | D:3      | Noticed a water moccasin
  1646 | D:3      | Noticed a salamander
  1738 | D:4      | Found a white marble altar of Elyvilon.
  1746 | D:4      | Noticed Eustachio
  1860 | D:4      | Found a staircase to the Ecumenical Temple.
  1904 | D:4      | Reached XP level 6. HP: 52/56 MP: 5/5
  2384 | D:4      | Killed Eustachio
  2836 | D:5      | Entered Level 5 of the Dungeon
  2843 | D:5      | Reached skill level 7 in Axes
  2957 | D:5      | Noticed Blork the orc
  2968 | D:5      | Killed Blork the orc
  2968 | D:5      | Reached XP level 7. HP: 42/62 MP: 6/6
  2968 | D:5      | Reached skill level 1 in Stealth
  3025 | D:5      | Found an opulent altar of Gozag.
  3066 | D:5      | Reached **** piety under Trog
  3071 | D:5      | Found a glowing silver altar of Zin.
  3233 | D:5      | HP: 2/62 [something (5)]
  3233 | D:5      | Slain by a sky beast

Illustrated notes

Levels and vault maps discovered:
D:1:      dpeg_arrival_rooms_with_view, layout_rooms
D:2:      layout_loops_ring, first_ration, uniq_terence
D:3:      wad_pebble_path, layout_rooms, chequers_ecumenical_altar_grove,
          grunt_ashenzari_visionary [grunt_ashenzari_visionary_swamp,
          grunt_ashenzari_visionary_snake]
D:4:      layout_gridville, kennysheep_mini_moat, minmay_temple_entry_ruins,
          uniq_eustachio
D:5:      layout_basic, gammafunk_temple_overflow_forgotten,
          nicolae_overflow_crystal_walls,
          nicolae_gozag_cash_rules_everything_around_me, uniq_blork_the_orc

Skill      XL: |  1  2  3  4  5  6  7 |
---------------+----------------------+-----
Axes           | 4 5 6 7 |  7.9
Fighting       | 4 5 |  5.9
Dodging        | 3 4 |  4.4
Stealth        | 1 |  1.1
Armour         | 3 |  3.0

Action                   |  1- 3 |  4- 6 |  7- 9 || total
-------------------------+-------+-------+-------++-------
Melee: Hand axe          |    80 |   152 |    36 ||   268
       Headbutt          |    12 |    23 |     5 ||    40
Invok: Berserk           |     2 |     6 |     2 ||    10
  Use: Scroll            |     1 |     8 |     3 ||    12
       Potion            |       |     5 |     2 ||     7
 Stab: Distracted        |       |     1 |       ||     1
  Eat: Chunk             |     1 |     7 |       ||     8
       Ration            |       |     2 |     1 ||     3
Armor: Animal skin       |     9 |     8 |       ||    17
       Leather armour    |       |     8 |     5 ||    13
Dodge: Dodged            |    52 |    93 |    29 ||   174
